General information
- name: GRUDGE
- type: Custom game
- host: GOKUMoN69
- saver: GOKUMoN69
map: EchoIsles
- players: 8
- length: 15:25
- speed: Fast
- version: 1.21 W3XP
- replay type: Public
» download(64 KB)
Players
team 1 (loser)
1st_Panzer_Div. (
purple | 129 APM | 1996 actions | 15:25)
3 Death Knight
2 Death Coil
1 Unholy Aura
3 Dreadlord
1 Vampiric Aura
2 Sleep
2 Lich
1 Frost Nova
1 Dark Ritual
» actions
| Assign group hotkey | 174 | |
| Basic commands | 272 | |
| Build / train | 56 | |
| ESC pressed | 1 | |
| Enter build submenu | 16 | |
| Enter hero's abilities submenu | 8 | |
| Remove unit from queue | 1 | |
| Right click | 486 | |
| Select / deselect | 348 | |
| Select group hotkey | 568 | |
| Use ability | 66 | |
1996 total
» units
| Acolyte | 2 | |
| Ghoul | 24 | |
| Gargoyle | 2 | |
| Obsidian Statue | 2 | |
| Mud Golem | 1 | |
| Abomination | 2 | |
| Ogre Mauler | 1 | |
| Forest Troll Berserker | 1 | |
35 total
» upgrades
| Unholy Strength | 1 | |
| Unholy Armor | 2 | |
| Cannibalize | 1 | |
| Ghoul Frenzy | 1 | |
5 total
» buildings
| Altar of Darkness | 1 | |
| Ziggurat | 5 | |
| Crypt | 1 | |
| Tomb of Relics | 1 | |
| Nerubian Tower | 1 | |
| Halls of the Dead | 1 | |
| Graveyard | 1 | |
| Slaughterhouse | 1 | |
| Black Citadel | 1 | |
13 total
» build order
00:08 Altar of Darkness
00:10 Ziggurat
00:37 Crypt
01:00 Tomb of Relics
01:18 Ziggurat
02:32 Nerubian Tower
03:20 Halls of the Dead
03:46 Graveyard
04:03 Ziggurat
05:14 Ziggurat
05:46 Slaughterhouse
07:48 Black Citadel
10:25 Ziggurat
» items
team 2 (winner)
Dexanth (
gray | 128 APM | 1967 actions | 15:24)
4 Pandaren Brewmaster
2 Breath of Fire
2 Drunken Haze
3 Warden
2 Fan of Knives
1 Blink
» actions
| Assign group hotkey | 32 | |
| Basic commands | 12 | |
| Build / train | 70 | |
| Enter build submenu | 18 | |
| Enter hero's abilities submenu | 7 | |
| Give item / drop item | 5 | |
| Remove unit from queue | 5 | |
| Right click | 909 | |
| Select / deselect | 301 | |
| Select group hotkey | 503 | |
| Use ability | 105 | |
1967 total
» units
| Wisp | 22 | |
| Archer | 7 | |
| Dryad | 7 | |
| Druid of the Claw | 1 | |
37 total
» upgrades
| Ultravision | 1 | |
| Abolish Magic | 1 | |
| Reinforced Hides | 1 | |
| Well Spring | 1 | |
| Druid of the Claw Training | 2 | |
6 total
» buildings
| Moon Well | 5 | |
| Ancient of War | 1 | |
| Altar of Elders | 1 | |
| Tree of Ages | 1 | |
| Hunter's Hall | 1 | |
| Ancient Protector | 2 | |
| Ancient of Lore | 3 | |
| Ancient of Wonders | 1 | |
| Tree of Life | 2 | |
| Tree of Eternity | 1 | |
18 total
» build order
00:17 Moon Well
00:32 Ancient of War
00:46 Altar of Elders
01:11 Moon Well
02:58 Tree of Ages
03:36 Hunter's Hall
04:53 Moon Well
04:58 Moon Well
05:10 Ancient Protector
05:14 Ancient Protector
05:33 Ancient of Lore
05:33 Ancient of Lore
06:49 Ancient of Wonders
06:55 Ancient of Lore
07:50 Tree of Life
08:41 Tree of Life
08:48 Moon Well
10:56 Tree of Eternity
» items
| Boots of Speed | 2 | |
| Lesser Clarity Potion | 3 | |
| Scroll of Town Portal | 1 | |
| Gloves of Haste | 2 | |
| Potion of Mana | 1 | |
| Orb of Venom | 1 | |
| Potion of Healing | 1 | |
11 total
observersGOKUMoN69,
aZN.FRIEZa.007,
buly.kirb,
evil_pengoon,
3DGAYWORLD,
stiknork Chat log
(00:28 / Observers) 3DGAYWORLD: dex has an interesting build
(00:30 / All) 1st_Panzer_Div.: yup we're goons
(00:48 / All) 1st_Panzer_Div.: brown as in shit?
(00:49 / Observers) aZN.FRIEZa.007: 3dgayworld can u do shoutcast commentary
(00:56 / Observers) 3DGAYWORLD: absolutely
(01:04 / Observers) stiknork: whispercast
(01:04 / Observers) aZN.FRIEZa.007: that would be wikked
(01:22 / Observers) stiknork: oh thought dex was going tavern hero
(01:26 / Observers) buly.kirb: he is
(01:29 / Observers) buly.kirb: just scouting first
(01:32 / Observers) stiknork: oh you need an altar
(01:33 / Observers) stiknork: whatever
(01:35 / Observers) stiknork: i'm retarded
(01:39 / Observers) buly.kirb: cant buy till the altar is up, why leave the wisp there doing nothing
(01:57 / Observers) evil_pengoon: pitlord gimmick
(02:02 / Observers) GOKUMoN69: MAPHACK FOUND ALT QQ FOR REPORT!!!
(02:10 / Observers) aZN.FRIEZa.007: I come from the darkness of the pit
(02:22 / Observers) buly.kirb: what john ?
(02:26 / Observers) GOKUMoN69: oh shit
(02:30 / All) 1st_Panzer_Div.: 1
(02:32 / Observers) evil_pengoon: hahahha panda a great hero
(02:36 / Observers) evil_pengoon: whats funny about panda
(02:38 / All) 1st_Panzer_Div.: :)
(02:43 / Observers) 3DGAYWORLD: its a PANDA
(02:44 / Observers) aZN.FRIEZa.007: he's like a panda that drinks it's pretty funny
(02:44 / Observers) 3DGAYWORLD: LOL
(02:48 / Observers) aZN.FRIEZa.007: have u seen kung fu panda
(02:52 / Observers) 3DGAYWORLD: lmao
(02:53 / Observers) 3DGAYWORLD: that movie owns
(02:57 / Observers) evil_pengoon: yeah i love kids movies
(02:59 / Observers) aZN.FRIEZa.007: rock on 3dgayworld knows what's up
(03:00 / Observers) 3DGAYWORLD: yoda and siht
(03:00 / Observers) GOKUMoN69: he goes panda then warden
(03:00 / Observers) buly.kirb: they stole that idea from wc3
(03:00 / Observers) 3DGAYWORLD: lol
(03:01 / Observers) evil_pengoon: anyone seen walle???
(03:03 / Observers) evil_pengoon: i have
(03:08 / Observers) evil_pengoon: love that robot
(03:09 / Observers) stiknork: don't spoil it
(03:10 / Observers) stiknork: don'ttt
(03:12 / Observers) stiknork: no spoilers
(03:13 / Observers) buly.kirb: he dies at the end
(03:15 / Observers) aZN.FRIEZa.007: i haven't seen it man
(03:16 / Observers) stiknork: fuckkk
(03:17 / Observers) 3DGAYWORLD: it ends like E.T.
(03:21 / Observers) evil_pengoon: he gets turned off
(03:23 / Observers) aZN.FRIEZa.007: is there a panda in it
(03:24 / Observers) 3DGAYWORLD: LOL
(03:24 / Observers) 3DGAYWORLD: OWNED
(03:25 / Observers) buly.kirb: wall-e phone home
(03:28 / Observers) evil_pengoon: and i get turned on
(03:31 / Observers) stiknork: fuck
(03:35 / Observers) stiknork: i was going to make that joke
(03:42 / Observers) stiknork: you should feel bad
(03:45 / Observers) buly.kirb: you snooze you lose
(04:16 / Observers) buly.kirb: i want panz to win this one so we get a game 3
(04:26 / Observers) GOKUMoN69: he will
(04:30 / Observers) 3DGAYWORLD: iunno
(04:38 / All) 1st_Panzer_Div.: hmm
(04:41 / Observers) aZN.FRIEZa.007: we all gotta pool our hopes for baron felblade
(04:41 / Observers) 3DGAYWORLD: pretty even so far
(04:50 / All) 1st_Panzer_Div.: that ghoul shoulda gone back like 3 times :(
(04:58 / Observers) GOKUMoN69: LD
(04:59 / Observers) buly.kirb: ensnared invisible units are targettable, y/n ?
(05:05 / Observers) GOKUMoN69: y
(05:10 / Observers) stiknork: y not
(05:12 / Observers) buly.kirb: just like roots, gotcha
(05:16 / Observers) GOKUMoN69: yes
(05:49 / Observers) aZN.FRIEZa.007: baron felblade has nothin to do
(05:51 / All) Dexanth: V strange
(05:54 / All) 1st_Panzer_Div.: what?
(06:06 / All) Dexanth: On the ghoo
(06:30 / Observers) GOKUMoN69: fast hiting panda
(06:35 / Observers) stiknork: good time to attack
(06:51 / Observers) 3DGAYWORLD: what did purp drestroy
(06:53 / Observers) GOKUMoN69: warden coming up
(06:56 / Observers) buly.kirb: lore
(06:57 / Observers) GOKUMoN69: lore
(06:58 / Observers) aZN.FRIEZa.007: tree of life
(07:00 / Observers) 3DGAYWORLD: ouch
(07:05 / Observers) GOKUMoN69: tree of life
(07:11 / Observers) aZN.FRIEZa.007: vampfirst
(07:24 / Observers) GOKUMoN69: 007
(08:12 / Observers) GOKUMoN69: you should be able 2 see the spells in obs and replays
(08:21 / Observers) stiknork: coil coil coil
(08:22 / Observers) stiknork: noooo
(08:36 / All) 1st_Panzer_Div.: hmm
(08:39 / Observers) buly.kirb: egads
(08:47 / Observers) GOKUMoN69: dayum
(08:48 / Observers) 3DGAYWORLD: grey needs to expo
(08:56 / Observers) GOKUMoN69: wolf champ dexanth
(09:13 / Observers) buly.kirb: what does ud traditionally go vs ne ?
(09:19 / Observers) GOKUMoN69: gargs
(09:20 / Observers) 3DGAYWORLD: magic
(09:24 / Observers) evil_pengoon: above 100 apm,
(09:25 / Observers) 3DGAYWORLD: gargs, necros
(09:25 / Observers) GOKUMoN69: dk
(09:33 / Observers) GOKUMoN69: gargs
(09:41 / Observers) GOKUMoN69: and cold worms
(09:53 / Observers) buly.kirb: wyrms i could see doing some damage
(09:55 / Observers) GOKUMoN69: hes teching for dem
(09:58 / Observers) 3DGAYWORLD: magic attack
(10:01 / Observers) 3DGAYWORLD: it owns NE
(10:34 / Observers) aZN.FRIEZa.007: hey u dont need to pause for me HAhah
(10:39 / Observers) 3DGAYWORLD: that was fast
(10:50 / Observers) buly.kirb: 2 pump chump lmaop
(10:51 / All) 1st_Panzer_Div.: wtf
(10:59 / All) 1st_Panzer_Div.: that was almsot bad
(11:27 / Observers) buly.kirb: ghoo frenzy inc
(11:40 / Observers) 3DGAYWORLD: ithink
(11:42 / Observers) 3DGAYWORLD: purp wins
(11:48 / Observers) 3DGAYWORLD: def
(12:02 / Observers) aZN.FRIEZa.007: ya call it when all the archers are dead u would make a rly good shoutcaster
(12:12 / Observers) 3DGAYWORLD: im pretty observant
(12:13 / Observers) stiknork: undead nukes are ridiculous
(12:28 / Observers) buly.kirb: dexanth muct have been in the other room wtf was that ?
(12:29 / All) 1st_Panzer_Div.: why warden for ghouls?
(12:33 / All) Dexanth: FoK
(12:34 / All) 1st_Panzer_Div.: or was that somethign else?
(12:38 / All) 1st_Panzer_Div.: ahh
(13:05 / Observers) 3DGAYWORLD: actually
(13:10 / Observers) 3DGAYWORLD: if purp doesnt get another mine
(13:15 / Observers) 3DGAYWORLD: grey might recover
(13:29 / Observers) GOKUMoN69: panzor has this won
(13:33 / Observers) GOKUMoN69: ud try hero
(13:41 / Observers) GOKUMoN69: and hes the better player
(13:44 / Observers) buly.kirb: tri hero will roll on through
(13:54 / Observers) 3DGAYWORLD: you need great micro for tri hero
(13:59 / Observers) buly.kirb: he has it
(14:04 / Observers) 3DGAYWORLD: apparently
(14:22 / Observers) buly.kirb: left units behind likea nub
(14:26 / Observers) evil_pengoon: micro kind 1st panz
(14:37 / Observers) buly.kirb: here's game
(14:40 / Observers) 3DGAYWORLD: GG
(14:49 / Observers) 3DGAYWORLD: farking owned
(15:08 / Observers) buly.kirb: thsoe statues should not have an attack
(15:23 / Observers) GOKUMoN69: wow
(15:24 / All) Dexanth: GG